 Dungeon Crawl Stone Soup version 0.29-a0-207-gf982a884d8 (webtiles) character file.

Game seed: 13779880139216608129

46 pascalblue the Grave Robber (level 3, -3/19 HPs)
             Began as a Deep Elf Necromancer on Feb 23, 2022.
             Asphyxiated
             ... on level 2 of the Dungeon.
             The game lasted 00:04:04 (1680 turns).

pascalblue the Grave Robber (Deep Elf Necromancer)  Turns: 1680, Time: 00:04:04

Health: -3/19      AC:  2    Str:  5    XL:     3   Next: 44%
Magic:  6/10       EV: 12    Int: 21    God:
Gold:   87         SH:  0    Dex: 15    Spells: 3/9 levels left

rFire   . . .      SeeInvis .   f - +0 short sword
rCold   . . .      Faith    .   (no shield)
rNeg    . . .      Spirit   .   a - +0 robe
rPois   .          Reflect  .   (no helmet)
rElec   .          Harm     .   (no cloak)
rCorr   +          Rampage  .   (no gloves)
Will    .....                   (no boots)
Stlth   ++........              (no amulet)
HPRegen 0.06/turn               c - ring of resist corrosion
MPRegen 0.12/turn               (no ring)

@: lethally poisoned (-3 -> -23), slowed, very slow
A: no striking features
a: no special abilities


You were on level 2 of the Dungeon.
You visited 1 branch of the dungeon, and saw 2 of its levels.

You collected 87 gold pieces.

Inventory:

Hand Weapons
 e - a +0 club
 f - a +0 short sword (weapon)
Missiles
 g - 16 stones
Armour
 a - a +0 robe (worn)
Jewellery
 b - an amulet of guardian spirit
 c - a ring of resist corrosion (left hand)
Scrolls
 d - 2 scrolls of noise {unknown}
 h - a scroll of enchant weapon {unknown}


   Skills:
 - Level 2.4 Dodging
 - Level 2.4 Stealth
 + Level 3.7 Spellcasting
 * Level 6.0 Necromancy


You had 3 spell levels left.
You knew the following spells:

 Your Spells              Type           Power      Damage    Failure   Level
a - Pain                  Necr           100%       1d9       1%          1
b - Sandblast             Erth           6%         2d5       12%         1
c - Animate Skeleton      Necr           58%        N/A       1%          1
d - Vampiric Draining     Necr           29%        2d8       3%          3

Your spell library contained the following spells:

 Spells                   Type           Power      Damage    Failure   Level
 Passwall                 Tmut/Erth      2%         N/A       19%         2
 Ozocubu's Armour         Ice            3%         N/A       36%         3
 Stone Arrow              Conj/Erth      6%         3d7       36%         3
 Animate Dead             Necr           14%        N/A       11%         4
 Agony                    Necr           29%        N/A       28%         5
 Metabolic Englaciation   Hex/Ice        1%         N/A       98%         5
 Simulacrum               Ice/Necr       8%         N/A       99%         6


Dungeon Overview and Level Annotations

Branches:
Dungeon (2/15)

Altars:

Annotations:
D:2 Terence


Message History

Confirm with . or Enter, or press ? or * to list all spells.
You attempt to give life to the dead...
Before your eyes, flesh is ripped from the corpse!
The dead are walking!
What are your orders? t - Shout!
Orders for allies: a - Attack new target. r - Retreat! s - Stop attacking. g - Guard the area. f - Follow me.
Anything else - Cancel.
Gang up on whom?
Press: ? - help, Dir - move target, f - Terence
Aim: Terence, wielding a +4 vorpal trident, wearing a +0 chain mail and quivering curare-tipped darts (ally target) Attack!
You swap places.
Your hobgoblin skeleton crumbles into dust!
Your kobold skeleton hits Terence but does no damage.
Terence throws a curare-tipped dart.
The curare-tipped dart hits you.
You are poisoned.
You have difficulty breathing.
You feel yourself slow down.
Casting: Animate Skeleton (safe; 1% risk of failure)
Confirm with . or Enter, or press ? or * to list all spells.
Aiming: Pain (safe; 1% risk of failure)
Press: ? - help, Shift-Dir - straight line, f/p - Terence
Aim: Terence, wielding a +4 vorpal trident, wearing a +0 chain mail and quivering curare-tipped darts (ally target, chance to affect: 88%) Terence writhes in agony.
You feel very sick.
Your kobold skeleton hits Terence but does no damage.
Casting: Pain (safe; 1% risk of failure)
Confirm with . or Enter, or press ? or * to list all spells.
Aiming: Pain (safe; 1% risk of failure)
Press: ? - help, Shift-Dir - straight line, f/p - Terence
Aim: Terence, wielding a +4 vorpal trident, wearing a +0 chain mail and quivering curare-tipped darts (lightly wounded, ally target, chance to affect: 88%) Terence writhes in agony!
* * * LOW HITPOINT WARNING * * *
You feel sick.
Terence throws a curare-tipped dart.
The curare-tipped dart hits you.
You are more poisoned.
You have difficulty breathing.
You die...

# #. ##..
.....########(###
........@..@Z....
######.#####.#.#
##########.##
...#.......#
#.#.......#
#.........#
##........#
#....##.##
#....##.#


You could see Terence (ally target) and a friendly kobold skeleton.

Vanquished Creatures
  An adder (D:2)
  4 ball pythons (D:1)
  6 endoplasms (D:1)
  3 giant cockroaches (D:1)
  2 goblins
  A hobgoblin (D:2)
  4 jackals (D:1)
  2 quokkas (D:1)
  2 bats (D:1)
  A frilled lizard (D:1)
  2 kobolds
  A rat (D:1)
29 creatures vanquished.

Vanquished Creatures (collateral kills)
  A ball python (D:1)
  A quokka (D:1)
  A bat (D:1)
3 creatures vanquished.

Grand Total: 32 creatures vanquished

Notes
Turn   | Place    | Note
-------+----------+-------------------------------------------
     0 | D:1      | pascalblue the Deep Elf Necromancer began the quest for the
                  | Orb.
     0 | D:1      | Reached XP level 1. HP: 10/10 MP: 6/6
    85 | D:1      | Reached skill level 5 in Necromancy
   240 | D:1      | Learned a level 1 spell: Sandblast
   251 | D:1      | Reached XP level 2. HP: 3/15 MP: 0/8
   295 | D:1      | Learned a level 1 spell: Animate Skeleton
  1055 | D:1      | Found a faded altar of an unknown god.
  1083 | D:1      | Reached XP level 3. HP: 18/19 MP: 7/9
  1088 | D:1      | Learned a level 3 spell: Vampiric Draining
  1594 | D:2      | Reached skill level 6 in Necromancy
  1675 | D:2      | Noticed Terence
  1680 | D:2      | Asphyxiated

Illustrated notes

Levels and vault maps discovered:
D:1:      grunt_arrival_lava_bath, layout_basic,
          hellmonk_ecumenical_altar_pennies_from_heaven, minmay_pentomino_u2
D:2:      layout_basic, minmay_distorted, uniq_robin, uniq_terence

Skill      XL: |  1  2  3 |
---------------+----------+-----
Necromancy     | 5 6 |  6.0
Dodging        | |  2.4
Stealth        | |  2.4
Spellcasting   | |  3.7

Action                   || total
-------------------------++-------
Melee: Unarmed           ||     1
 Cast: Pain              ||    48
       Animate Skeleton  ||    12
  Use: Scroll            ||     2
Armor: Robe              ||     2
Dodge: Dodged            ||     3

Table legend: (Time is in decaauts)
 A = Elapsed time spent in this place.
 B = Non-inter-level travel time spent in this place.
 C = Inter-level travel time spent in this place.
 D = Time resting spent in this place.
 E = Time spent auto-exploring this place.
 F = Levels seen in this place.
 G = Mean time per level.
                   A        B        C        D        E       F      G
               +--------+--------+--------+--------+--------+-----+--------+
         Total |   1681 |   1642 |     39 |    246 |   1213 |   2 |  840.5 |
       Dungeon |   1681 |   1642 |     39 |    246 |   1213 |   2 |  840.5 |
               +--------+--------+--------+--------+--------+-----+--------+

Top non-repeatable levels by time:
     D:1: 1589 daAuts
     D:2: 91 daAuts
